 Dungeon Crawl Stone Soup version 0.27.1 (webtiles) character file.

Game seed: 11281474238352113841

84 funkygono the Firebug (level 4, -1/24 HPs)
             Began as a Gargoyle Fire Elementalist on Sept 4, 2021.
             Slain by Terence (5 damage)
             ... on level 3 of the Dungeon.
             The game lasted 00:05:10 (2056 turns).

funkygono the Firebug (Gargoyle Fire Elementalist)  Turns: 2056, Time: 00:05:10

Health: -1/24      AC:  5    Str: 11    XL:     4   Next: 46%
Magic:  1/8        EV: 12    Int: 17    God:
Gold:   87         SH:  0    Dex: 10    Spells: 1/9 levels left

rFire    . . .     SeeInvis .   c - +0 whip
rCold    . . .     Faith    .   (no shield)
rNeg     + . .     Spirit   .   a - +0 robe
rPois    ∞         Reflect  .   (no helmet)
rElec    +         Harm     .   (no cloak)
rCorr    .         Rampage  .   (no gloves)
Will     .....                  (no boots)
Stlth    ++........             (no amulet)
HPRegen  0.08/turn              (no ring)
MPRegen  0.11/turn              (no ring)

@: very slightly contaminated, hasted, very quick
A: sickness immunity, AC +3, negative energy resistance 1, electricity
resistance, torment resistance 1, petrification resistance
a: no special abilities


You were on level 3 of the Dungeon.
You visited 1 branch of the dungeon, and saw 3 of its levels.

You collected 87 gold pieces.

Inventory:

Hand Weapons
 c - a +0 whip (weapon)
Missiles
 f - 5 stones
 g - a throwing net
Armour
 a - a +0 robe (worn)
Magical Staves
 e - a staff of air
Scrolls
 j - a scroll of identify
 k - a scroll of noise {unknown}
Potions
 b - a potion of mutation
 d - a potion of attraction {unknown}
 h - a potion of haste
 i - a potion of ambrosia {unknown}


   Skills:
 + Level 1.6 Dodging
 - Level 2.1 Stealth
 * Level 3.2 Spellcasting
 * Level 2.1 Conjurations
 * Level 3.8 Fire Magic


You had one spell level left.
You knew the following spells:

 Your Spells              Type           Power      Damage    Failure   Level
a - Foxfire               Conj/Fire      48%        2x1d6     4%          1
b - Conjure Flame         Conj/Fire      12%        6-21      16%         3
c - Sticky Flame          Conj/Fire      12%        2d4       45%         4

Your spell library contained the following spells:

 Spells                   Type           Power      Damage    Failure   Level
 Inner Flame              Hex/Fire       9%         N/A       24%         3
 Fireball                 Conj/Fire      6%         3d5       80%         5
 Irradiate                Conj/Tmut      3%         3d15      97%         5
 Blade Hands              Tmut           1%         N/A       99%         5
 Dragon Form              Tmut           1%         N/A       100%        7


Dungeon Overview and Level Annotations

Branches:
Dungeon (3/15)

Altars:

Shops:
D:1 ?

Annotations:
D:3 Terence


Innate Abilities, Weirdness & Mutations

You are immune to sickness and miasma.
Your stone body is resilient. (AC +3)
You are immune to poison.
You resist negative energy. (rN+)
You are resistant to electric shocks. (rElec)
You are resistant to unholy torment.
You are immune to petrification.


Message History

Unknown command.
The foxfire hits Terence.
Terence resists.
Terence is moderately wounded.
The foxfire hits Terence but does no damage.
Terence is moderately wounded.
Casting: Foxfire (safe; 4% risk of failure)
Confirm with . or Enter, or press ? or * to list all spells.
You conjure some foxfire!
Terence hits you with a +0 mace.
Unknown command.
The foxfire hits Terence but does no damage.
Terence is moderately wounded.
The foxfire hits Terence but does no damage.
Terence is moderately wounded.
Casting: Foxfire (safe; 4% risk of failure)
Confirm with . or Enter, or press ? or * to list all spells.
You conjure some foxfire!
Terence completely misses you.
Unknown command.
The foxfire hits Terence.
Terence resists.
Terence is heavily wounded.
The foxfire hits Terence.
Terence completely resists.
Terence is heavily wounded.
Casting: Foxfire (safe; 4% risk of failure)
Confirm with . or Enter, or press ? or * to list all spells.
You miscast Foxfire.
You are very lightly contaminated with residual magic.
Nothing appears to happen.
Terence hits you with a +0 mace.
Unknown command.
You barely miss Terence.
Terence is heavily wounded.
You hear the rusting of a drain nearby.
Terence hits you with a +0 mace.
You hit Terence but do no damage.
Terence is heavily wounded.
Terence hits you with a +0 mace.
* * * LOW HITPOINT WARNING * * *
Unknown command.
It was a potion of haste.
You feel yourself speed up. Terence closely misses you.
Terence hits you with a +0 mace.
You die...

........# #.#
#######.###.#
#..........#
#)#.......##
#.#.......#
#.#.......#
#.#.......#
#)#.......#
#.#...@@..# #
#.#.......# # #.
#.#######.# #.#.#
#.# #.# ...)###.#
#.# #.#.#.##.# #.#
#.....)).#######.##
#.###.##..........#
..###.#######..#


You could see Terence.

Vanquished Creatures
  3 adders
  A worm (D:2)
  3 dart slugs
  3 orcs (D:3)
  3 ball pythons
  4 endoplasms (D:2)
  A giant cockroach (D:1)
  2 goblins
  5 hobgoblins
  3 jackals (D:1)
  6 kobolds
  3 bats (D:1)
  A frilled lizard (D:2)
  6 rats
44 creatures vanquished.

Vanquished Creatures (others)
  125 foxfires
125 creatures vanquished.

Grand Total: 169 creatures vanquished

Notes
Turn   | Place    | Note
-------+----------+-------------------------------------------
     0 | D:1      | funkygono the Gargoyle Fire Elementalist began the quest
                  | for the Orb.
     0 | D:1      | Reached XP level 1. HP: 10/10 MP: 3/3
    40 | D:1      | Found Vyiju's Magic Scroll Shop.
   269 | D:1      | Reached XP level 2. HP: 15/15 MP: 0/5
   776 | D:1      | Reached XP level 3. HP: 19/19 MP: 4/6
   780 | D:1      | Learned a level 3 spell: Conjure Flame
  1223 | D:2      | Found a faded altar of an unknown god.
  1903 | D:3      | Reached XP level 4. HP: 24/24 MP: 4/8
  1908 | D:3      | Learned a level 4 spell: Sticky Flame
  2032 | D:3      | Noticed Terence
  2056 | D:3      | Slain by Terence

Illustrated notes

Levels and vault maps discovered:
D:1:      dpeg_arrival_radiant, layout_basic, serial_shops, shop_fountains,
          serial_bayou_crossing
D:2:      layout_loops_ring, hellmonk_ecumenical_altar_crossroads
D:3:      layout_loops_ring, portal_sewer_entry_b,
          chequers_serial_rivers_room_b, minmay_misc_feat_five, uniq_terence,
          uniq_jessica

Skill      XL: |  1  2  3  4 |
---------------+-------------+-----
Spellcasting   | 3 |  3.2
Conjurations   | 2 |  2.1
Dodging        | |  1.6
Stealth        | |  2.1
Fire Magic     | |  3.8

Action                   |  1- 3 |  4- 6 || total
-------------------------+-------+-------++-------
Melee: Unarmed           |     5 |       ||     5
       Whip              |     3 |     4 ||     7
 Cast: Foxfire           |    61 |    17 ||    78
  Use: Scroll            |     2 |       ||     2
       Potion            |       |     1 ||     1
Armor: Robe              |    11 |     1 ||    12
Dodge: Dodged            |    15 |     5 ||    20
